 Dungeon Crawl Stone Soup version 0.28-a0-1002-gf00fe891ef (webtiles) character file.

Game seed: 100588436334992816

2095 snarfax the Covert (level 9, 0/78 HPs)
             Began as a Kobold Brigand on Dec 5, 2021.
             Succumbed to a killer bee's poison
             ... on level 7 of the Dungeon on Dec 6, 2021.
             The game lasted 00:29:33 (6142 turns).

snarfax the Covert (Kobold Brigand)                 Turns: 6142, Time: 00:29:34

Health: 0/78       AC: 24    Str: 13    XL:     9   Next: 52%
Magic:  9/9        EV:  3    Int: 12    God:
Gold:   237        SH:  0    Dex: 16    Spells: 8/8 levels left

rFire   . . .      SeeInvis .   a - +4 dagger (vorpal)
rCold   . . .      Faith    .   (shield restricted)
rNeg    . . .      Spirit   .   (armour currently unavailable)
rPois   +          Reflect  .   (helmet currently unavailable)
rElec   .          Harm     .   (cloak currently unavailable)
rCorr   .          Rampage  .   (gloves currently unavailable)
Will    .....      NoTele   +   (boots currently unavailable)
Stlth   ++++++....              i - amulet of the acrobat
HPRegen 0.23/turn               (no ring)
MPRegen 0.11/turn               (no ring)

@: lethally poisoned (0 -> -6), tree-form, hasted, very quick
A: stationary, stasis, torment immunity, boosted hp, small, no large weapons,
nightstalker 3
a: no special abilities


You were on level 7 of the Dungeon.
You were a tree.
You visited 1 branch of the dungeon, and saw 7 of its levels.

You collected 237 gold pieces.

Inventory:

Hand Weapons
 a - a +4 vorpal dagger (weapon)
 g - a +0 short sword
 k - a +2 dagger of pain
Missiles
 d - 24 poisoned darts (quivered)
 e - 2 curare-tipped darts
 h - 134 stones
 n - 5 boomerangs of dispersal
Armour
 b - a +0 robe
 c - a +1 cloak (melded)
 f - a +0 leather armour (melded)
Jewellery
 i - an amulet of the acrobat (around neck)
 o - an amulet of faith
Wands
 s - a wand of paralysis (9)
Scrolls
 m - a scroll of fear
 q - 2 scrolls of holy word
 r - a scroll of enchant armour
Potions
 j - a potion of haste
 p - a potion of lignification
 t - a potion of curing {unknown}


   Skills:
 - Level 4.0 Fighting
 - Level 10.0 Short Blades
 - Level 2.1 Throwing
 * Level 6.8 Dodging
 + Level 10.9 Stealth
 + Level 1.1 Evocations


You had 8 spell levels left.
You didn't know any spells.
Your spell library contained the following spells:

 Spells                   Type           Power      Damage    Failure   Level
 Foxfire                  Conj/Fire      0%         2x1d4     32%         1
 Pain                     Necr           0%         1d4       32%         1
 Summon Small Mammal      Summ           0%         N/A       32%         1
 Call Canine Familiar     Summ           0%         N/A       69%         3
 Conjure Flame            Conj/Fire      0%         6-21      69%         3
 Inner Flame              Hex/Fire       0%         N/A       69%         3
 Portal Projectile        Hex/Tloc       0%         N/A       69%         3
 Summon Guardian Golem    Hex/Summ       0%         N/A       69%         3
 Flame Wave               Conj/Fire      0%         2d4       97%         4
 Leda's Liquefaction      Hex/Erth       0%         N/A       97%         4
 Agony                    Necr           0%         N/A       100%        5
 Excruciating Wounds      Necr           0%         N/A       100%        5
 Orb of Destruction       Conj           0%         N/A       100%        7
 Spellforged Servitor     Conj/Summ      0%         N/A       100%        7


Dungeon Overview and Level Annotations

Branches:
Dungeon (7/15)
 Temple: D:4-7

Altars:
Ashenzari
Cheibriados
Gozag
Kikubaaqudgha
Okawaru
Wu Jian
Xom
Yredelemnul
The Shining One

Shops:
D:3 [   D:6 :


Innate Abilities, Weirdness & Mutations

You are a tree.
Your roots penetrate the ground, keeping you stationary.
You cannot be teleported.
You are immune to unholy pain and torment.
Your maximum health is greatly increased.
Your equipment is partially melded.
You are small and have problems with some larger weapons.
You are completely attuned to the shadows.


Message History

The killer bee moves out of view.
You open the door.
The killer bee buzzes angrily. x2
The killer bee stings you.
A killer bee comes into view. x2
The killer bee stings you.
You are poisoned.
The killer bee poisons you! The killer bee barely misses you.
The killer bee moves out of view.
There is an open door, spattered with blood here.
You completely miss the killer bee.
You feel sick. The killer bee stings you! The killer bee misses you.
Unknown command.
You miss the killer bee.
You feel sick.
The killer bee stings you but does no damage.
The killer bee misses you.
The killer bee buzzes angrily.
You hit the killer bee.
The killer bee is lightly wounded.
You feel sick. The killer bee stings you.
You are more poisoned.
The killer bee poisons you! The killer bee barely misses you.
You miss the killer bee.
The killer bee is lightly wounded.
You feel sick.
The killer bee stings you but does no damage.
The killer bee stings you.
* * * LOW HITPOINT WARNING * * *
You feel yourself speed up.
You feel very sick. The killer bee misses you. The killer bee stings you.
* * * LOW HITPOINT WARNING * * *
The killer bee completely misses you. The killer bee barely misses you.
* * * LOW HITPOINT WARNING * * *
You feel sick. The killer bee stings you!
* * * LOW HITPOINT WARNING * * *
You turn into a tree.
Your +1 cloak melds into your body.
Your +0 leather armour melds into your body.
Your roots penetrate the ground.
You die...

..y...# ...$......#
#...##y...#
#...##....####+#
#....#...y#.....
+....'...yy♣....
#....#....#.....
#....#....#.....
#.#..#....#.....
######'#########.....
#...>...# ........#
........# ........#


You could see 3 killer bees.

Vanquished Creatures
  A centaur zombie (D:7)
  A steam dragon (D:7)
  A water moccasin (D:7)
  A sky beast (D:6)
  2 necrophages (D:5)
  2 ogres
  A centaur (D:7)
  2 bullfrogs (D:7)
  2 scorpions
  A water moccasin skeleton (D:5)
  5 killer bees (D:7)
  A bullfrog skeleton (D:5)
  2 jellies (D:5)
  An orc priest (D:3)
  A hound (D:6)
  3 iguanas
  3 orc wizards
  A scorpion zombie (D:5)
  7 adders
  2 white imps
  2 dart slugs
  A worm (D:2)
  20 orcs
  3 endoplasms
  2 giant cockroaches
  7 hobgoblins
  6 jackals
  A kobold (D:2)
  2 quokkas (D:1)
  8 ball pythons
  4 bats
  3 frilled lizards
  5 goblins
  10 rats
114 creatures vanquished.

Vanquished Creatures (others)
  3 orcs (D:7)
  2 fungi (D:6)
  A plant (D:6)
6 creatures vanquished.

Grand Total: 120 creatures vanquished

Notes
Turn   | Place    | Note
-------+----------+-------------------------------------------
     0 | D:1      | snarfax the Kobold Brigand began the quest for the Orb.
     0 | D:1      | Reached XP level 1. HP: 12/12 MP: 1/1
   226 | D:1      | Reached XP level 2. HP: 12/17 MP: 2/2
  1000 | D:1      | Found a faded altar of an unknown god.
  1112 | D:2      | Reached XP level 3. HP: 21/21 MP: 3/3
  1449 | D:2      | Reached XP level 4. HP: 26/26 MP: 4/4
  1655 | D:3      | Found Juohub's Armour Boutique.
  1662 | D:3      | Reached skill level 5 in Short Blades
  1720 | D:3      | Reached XP level 5. HP: 30/30 MP: 5/5
  1992 | D:3      | Found an ancient bone altar of Kikubaaqudgha.
  2573 | D:4      | Found an iron altar of Okawaru.
  2585 | D:4      | Found a basalt altar of Yredelemnul.
  3052 | D:4      | Reached XP level 6. HP: 28/35 MP: 6/6
  3387 | D:4      | Found an ornate altar of the Wu Jian Council.
  3391 | D:4      | Noticed a spectral centipede
  3391 | D:4      | Noticed a spectral black mamba
  3391 | D:4      | Noticed a spectral cane toad
  3653 | D:5      | Entered Level 5 of the Dungeon
  4153 | D:5      | Noticed an ogre
  4172 | D:5      | Killed an ogre
  4173 | D:5      | Reached XP level 7. HP: 36/40 MP: 7/7
  4476 | D:5      | Reached XP level 8. HP: 44/44 MP: 8/8
  4574 | D:5      | Upgraded the game from 0.28-a0-998-gb9e9c7b67e to
                  | 0.28-a0-1002-gf00fe891ef
  4712 | D:6      | Found a snail-covered altar of Cheibriados.
  4722 | D:6      | Identified the ring of Tipn {*Corrode rC+ rN++ Will+ Str+2}
  5161 | D:6      | Found a shimmering altar of Xom.
  5235 | D:6      | Reached skill level 10 in Short Blades
  5336 | D:6      | Got the Catalogue of Creation
  5393 | D:6      | Found a broken altar of Ashenzari.
  5394 | D:6      | Saw a vision of the Swamp and the Spider Nest.
  5394 | D:6      | Noticed a goliath frog
  5403 | D:6      | Noticed a hornet
  5403 | D:6      | Noticed a redback
  5404 | D:6      | Noticed a redback
  5407 | D:6      | Noticed a wolf spider
  5408 | D:6      | Noticed a redback
  5409 | D:6      | Noticed a will-o-the-wisp
  5409 | D:6      | Noticed a redback
  5644 | D:6      | Found Idu Rayj's Book Shop.
  5774 | D:7      | Reached skill level 10 in Stealth
  5791 | D:7      | Reached skill level 5 in Dodging
  5791 | D:7      | Reached XP level 9. HP: 50/50 MP: 9/9
  5796 | D:7      | Found an opulent altar of Gozag.
  6030 | D:7      | Reached skill level 1 in Evocations
  6075 | D:7      | Found a glowing golden altar of the Shining One.
  6141 | D:7      | HP: 1/52 [killer bee (7)]
  6142 | D:7      | Succumbed to a killer bee's poison

Illustrated notes

Levels and vault maps discovered:
D:1:      wheals_arrival_linesprint, layout_basic, serial_forest,
          infiniplex_forest_lined_room_2, infiniplex_forest_zigzag_2,
          infiniplex_forest_diagonal, infiniplex_forest_clump_double,
          infiniplex_forest_end_2, infiniplex_forest_straight_2,
          basic_ecumenical_altar, minmay_shallow_snake_nest
D:2:      layout_rooms
D:3:      layout_loops_ring, lemuel_tele_altar, serial_shops,
          nicolae_shop_window_shopping
D:4:      layout_loops_corners, pdpol_wu_jian_five_deadly_venoms,
          amethyst_overflow_temple_binary
D:5:      layout_gridville
D:6:      layout_cave_pools, kennysheep_slug_shrine, grunt_ashenzari_visionary
          [grunt_ashenzari_visionary_swamp, grunt_ashenzari_visionary_spider],
          mainiacjoe_overflow_paths, serial_shops, kennysheep_little_box
D:7:      layout_gridville, mainiacjoe_overflow_cross_hatched,
          nicolae_gozag_seed_capital, temple_hall, nicolae_ossuary_entry_giza,
          guppyfry_shop_venom

Skill      XL: |  1  2  3  4  5  6  7  8  9 |
---------------+----------------------------+-----
Short Blades   | 3 4 5 6 7 9 10 | 10.0
Stealth        | 6 7 8 10 | 10.9
Dodging        | 5 6 |  6.8
Fighting       | 3 4 |  4.0
Evocations     | 1 |  1.1
Throwing       | |  2.1

Action                   |  1- 3 |  4- 6 |  7- 9 || total
-------------------------+-------+-------+-------++-------
Melee: Dagger            |    99 |   106 |   146 ||   351
Throw: Dart              |     4 |     7 |     2 ||    13
Evoke: Wand              |       |       |     1 ||     1
  Use: Scroll            |       |     3 |    10 ||    13
       Potion            |       |       |     2 ||     2
 Stab: Sleeping          |    13 |    14 |    16 ||    43
       Distracted        |       |     2 |     1 ||     3
       Paralysed         |       |       |     1 ||     1
Armor: Leather armour    |    17 |    14 |    20 ||    51
Dodge: Dodged            |    52 |    35 |    85 ||   172

Table legend: (Time is in decaauts)
 A = Elapsed time spent in this place.
 B = Non-inter-level travel time spent in this place.
 C = Inter-level travel time spent in this place.
 D = Time resting spent in this place.
 E = Time spent auto-exploring this place.
 F = Levels seen in this place.
 G = Mean time per level.
                   A        B        C        D        E       F      G
               +--------+--------+--------+--------+--------+-----+--------+
         Total |   6026 |   6026 |      0 |    376 |   3784 |   7 |  860.9 |
       Dungeon |   6026 |   6026 |      0 |    376 |   3784 |   7 |  860.9 |
               +--------+--------+--------+--------+--------+-----+--------+

Top non-repeatable levels by time:
     D:5: 1113 daAuts
     D:4: 1093 daAuts
     D:1: 1028 daAuts
     D:6: 960 daAuts
     D:3: 868 daAuts
     D:2: 620 daAuts
     D:7: 341 daAuts
